 Dungeon Crawl Stone Soup version 0.21.1-1-g345015fe64 (webtiles) character file.

223 Hercules1031 the Chopper (level 5, -9/45 HPs)
             Began as a Centaur Fighter on June 19, 2018.
             Splashed by Ijyb's acid (11 damage)
             ... on level 3 of the Dungeon.
             The game lasted 00:10:48 (2872 turns).

Hercules1031 the Chopper (Centaur Fighter)          Turns: 2872, Time: 00:10:49

Health: -9/45      AC:  5    Str: 19    XL:     5   Next: 66%
Magic:  5/5        EV:  6    Int:  7    God:
Gold:   203        SH:  8    Dex:  9    Spells: 4/4 levels left

rFire    x . .     SeeInvis .   a - +0 war axe
rCold    + . .     Gourm    .   c - +0 shield
rNeg     . . .     Faith    .   e - +1 ring mail {MR+}
rPois    .         Spirit   .   h - +1 helmet
rElec    .         Reflect  .   (no cloak)
rCorr    .         Harm     .   (no gloves)
MR       +....                  (no barding)
Stlth    ..........             (no amulet)
HPRegen  0.15/turn              n - ring of ice
MPRegen  0.09/turn              (no ring)

@: corroded, hasted (expiring), very quick
A: large, hooves 3, deformed body, speed 2, tough skin 3
a: no special abilities


You were on level 3 of the Dungeon.
You were not hungry.

You visited 1 branch of the dungeon, and saw 3 of its levels.
You also visited: Sewer.

You collected 203 gold pieces.

Inventory:

Hand Weapons
 a - a +0 war axe (weapon)
 f - a +1 flail of protection
 i - a +1 vampiric whip
Armour
 b - a +0 scale mail
 c - a +0 shield (worn)
 e - a +1 ring mail of magic resistance (worn)
 h - a +1 helmet (worn)
Jewellery
 j - a +3 ring of evasion {unknown}
 k - a +4 ring of intelligence {unknown}
 l - a cursed -3 ring of protection
 n - a ring of ice (left hand)
Scrolls
 m - a scroll of amnesia {unknown}
Potions
 d - a potion of might
 g - 2 potions of lignification


   Skills:
 + Level 3.3 Fighting
 * Level 3.3 Axes
 + Level 3.0 Armour
 - Level 1.2 Dodging
 - Level 0.1 Stealth
 + Level 2.9 Shields


You had 4 spell levels left.
You didn't know any spells.

Dungeon Overview and Level Annotations

Branches:
Dungeon (3/15)

Altars:

Annotations:
D:3 Ijyb


Innate Abilities, Weirdness & Mutations

You have hooves in place of feet.
Armour fits poorly on your strangely shaped body.
You cover ground very quickly.
You have extremely tough skin. (AC +3)


Message History

There is an open door here.
A leopard gecko comes into view.
The leopard gecko hisses angrily.
Your extra speed is starting to run out.
Ijyb zaps a wand.
The bolt of acid misses you.
The leopard gecko moves out of view.
You see here a scroll labeled VYTRAIXUROR.
m - a scroll labeled VYTRAIXUROR Ijyb drinks a potion.
Ijyb seems to speed up.
Ijyb zaps a wand.
The bolt of acid hits you!
You are splashed with acid!
The acid burns!
You closely miss the leopard gecko. The leopard gecko bites you.
You block Ijyb's attack.
You closely miss the leopard gecko. Your kick misses the leopard gecko.
You barely miss Ijyb.
The leopard gecko bites you but does no damage.
Ijyb zaps a wand.
The bolt of acid hits you!
* * * LOW HITPOINT WARNING * * *
The acid corrodes you!
You are splashed with acid!
The acid burns!
You die...

#..###.###
#...##.# #...##[#
#)#.## ######
#.#..# #....#
####....#
#....###...##....#
#....'.'...# ....#
#..@.###...# ..>..
#.gl.#.....# ...##
#....#.....# ...#
#....<....... ...#
#)............
#..............
#....##...#####
#..... ...


You could see Ijyb and a leopard gecko.

Vanquished Creatures
  Purgy (Sewer)
  6 adders
  2 oozes
  2 worms (D:2)
  A dart slug (D:1)
  A leopard gecko (D:1)
  4 orcs (D:3)
  4 giant cockroaches
  6 goblins
  7 hobgoblins
  2 jackals (D:3)
  10 bats
  3 frilled lizards (D:1)
  4 kobolds
  6 rats
59 creatures vanquished.

Notes
Turn   | Place    | Note
-------+----------+-------------------------------------------
     0 | D:1      | Hercules1031 the Centaur Fighter began the quest for the Orb.
     0 | D:1      | Reached XP level 1. HP: 19/19 MP: 1/1
   262 | D:1      | Reached XP level 2. HP: 26/26 MP: 2/2
  1427 | D:2      | Reached XP level 3. HP: 28/31 MP: 3/3
  1701 | D:2      | Reached XP level 4. HP: 36/38 MP: 4/4
  2330 | D:3      | Found a glowing drain.
  2357 | Sewer    | Entered a sewer
  2589 | Sewer    | Noticed Purgy
  2619 | Sewer    | Killed Purgy
  2619 | Sewer    | Reached skill level 1 in Dodging
  2619 | Sewer    | Reached XP level 5. HP: 19/45 MP: 5/5
  2862 | D:3      | Noticed Ijyb
  2872 | D:3      | HP: 2/45 [Ijyb/wand of acid (9) (14)]
  2872 | D:3      | Splashed by Ijyb's acid

Skill      XL: |  1  2  3  4 |
---------------+-------------+-----
Axes           | 2 3 |  3.3
Armour         | 3 |  3.0
Dodging        | 1 |  1.2
Fighting       | |  3.3
Stealth        | |  0.1
Shields        | |  2.9

Action                   |  1- 3 |  4- 6 || total
-------------------------+-------+-------++-------
Melee: War axe           |    90 |   103 ||   193
       Kick              |     9 |    12 ||    21
  Use: Potion            |     3 |     2 ||     5
       Scroll            |     7 |     1 ||     8
  Eat: Ration            |     1 |     1 ||     2
Armor: Scale mail        |    23 |       ||    23
       Ring mail         |    31 |    70 ||   101
       Skin              |       |    50 ||    50
Dodge: Dodged            |    23 |    39 ||    62
Block: Shield            |    39 |    84 ||   123
